 Dungeon Crawl Stone Soup version 0.25.0-15-gac7dcb8919 (webtiles) character file.

Game seed: 4419635917686798884

73 Gabide the Skirmisher (level 4, -1/35 HPs)
             Began as a Mummy Fighter on June 29, 2020.
             Slain by Sigmund
             ... wielding a +0 scythe
              (5 damage)
             ... on level 2 of the Dungeon.
             The game lasted 00:03:53 (1901 turns).

Gabide the Skirmisher (Mummy Fighter)               Turns: 1901, Time: 00:03:54

Health: -1/35      AC:  7    Str: 20    XL:     4   Next: 8%
Magic:  4/4        EV:  7    Int:  7    God:
Gold:   102        SH:  9    Dex: 11    Spells: 3/3 levels left

rFire    x . .     SeeInvis .   a - +0 trident
rCold    + . .     Gourm    .   c - +0 kite shield
rNeg     + + +     Faith    .   b - +0 scale mail
rPois    ∞         Spirit   .   (no helmet)
rElec    .         Reflect  .   j - scarf {harm}
rCorr    .         Harm     .   (no gloves)
MR       .....                  h - +0 pair of boots
Stlth    ..........             (no amulet)
HPRegen  0.11/turn              (no ring)
MPRegen  0.09/turn              (no ring)

@: no status effects
A: no food or potions, fire vulnerability, cold resistance 1, negative energy
resistance 3, torment resistance, unbreathing
a: no special abilities


You were on level 2 of the Dungeon.
You were not hungry.

You visited 1 branch of the dungeon, and saw 2 of its levels.

You collected 102 gold pieces.

Inventory:

Hand Weapons
 a - a +0 trident (weapon)
Missiles
 g - 56 stones (quivered)
Armour
 b - a +0 scale mail (worn)
 c - a +0 kite shield (worn)
 d - a +0 cloak
 h - a +0 pair of boots (worn)
 j - a scarf of harm (worn)
Jewellery
 e - an uncursed ring of ice
Scrolls
 f - a scroll of identify
 i - a scroll of magic mapping


   Skills:
 * Level 3.4 Fighting
 * Level 2.5 Polearms
 + Level 2.8 Armour
 + Level 2.9 Shields


You had 3 spell levels left.
You didn't know any spells.
Your spell library was empty.

Dungeon Overview and Level Annotations

Branches:
Dungeon (2/15)

Altars:

Annotations:
D:2 Sigmund


Innate Abilities, Weirdness & Mutations

You do not eat or drink.
Your flesh is vulnerable to fire.
You are immune to poison.
Your flesh is cold resistant. (rC+)
You are immune to negative energy. (rN+++)
You are immune to unholy pain and torment.
You can survive without breathing.


Message History

Okay, then.
Attack whom?
Press: ? - help, Dir - move target cursor, f/p - Sigmund
Aim: Sigmund, wielding a +0 scythe and wearing a +0 robe (severely wounded)
You reach to attack!
You closely miss Sigmund.
Sigmund is severely wounded.
You block Sigmund's attack.
Attack whom?
Press: ? - help, Dir - move target cursor, f/p - Sigmund
Aim: Sigmund, wielding a +0 scythe and wearing a +0 robe (severely wounded)
You reach to attack!
You hit Sigmund.
Sigmund is almost dead.
You block Sigmund's attack.
Attack whom?
Press: ? - help, Dir - move target cursor, f/p - Sigmund
Aim: Sigmund, wielding a +0 scythe and wearing a +0 robe (almost dead)
You reach to attack!
You closely miss Sigmund.
Sigmund is almost dead.
Sigmund hits you from afar with a +0 scythe.
You die...

#.# #######.# #........
####### #........ #.....#
#........ #.....# #........
#. #.....###........
##...###.?..............
.....@)@..........>####.
.....###.........#.# #. ..#
#.........#.# #.
...........#.####.
.....##.#####.#....
......##............
...%..########.#.... #..
#####.######.........
.#..####.........#.........


You could see Sigmund.

Vanquished Creatures
  Jessica (D:2)
  2 adders (D:2)
  A dart slug (D:1)
  5 bats
  2 giant cockroaches
  2 goblins (D:1)
  4 hobgoblins
  3 frilled lizards
  8 kobolds
  3 rats
31 creatures vanquished.

Notes
Turn   | Place    | Note
-------+----------+-------------------------------------------
     0 | D:1      | Gabide the Mummy Fighter began the quest for the Orb.
     0 | D:1      | Reached XP level 1. HP: 18/18 MP: 1/1
   191 | D:1      | Reached XP level 2. HP: 21/24 MP: 2/2
  1215 | D:2      | Noticed Jessica
  1220 | D:2      | Killed Jessica
  1220 | D:2      | Reached XP level 3. HP: 29/29 MP: 3/3
  1368 | D:2      | Reached XP level 4. HP: 4/35 MP: 4/4
  1886 | D:2      | Noticed Sigmund
  1901 | D:2      | Slain by Sigmund

Illustrated notes

Levels and vault maps discovered:
D:1:      lightli_arrival_statuegarden, layout_basic, minmay_tetromino_i2
D:2:      layout_basic, nicolae_qazlal_eye_of_the_storm,
          chequers_serial_rivers_small_a, chequers_serial_rivers_room_a,
          uniq_sigmund, uniq_robin, uniq_jessica

Skill      XL: |  1  2 |
---------------+-------+-----
Polearms       | 2 |  2.5
Fighting       | |  3.4
Armour         | |  2.8
Shields        | |  2.9

Action                   |  1- 3 |  4- 6 || total
-------------------------+-------+-------++-------
Melee: Trident           |   177 |    27 ||   204
Throw: Stone             |     4 |       ||     4
  Use: Scroll            |     6 |     2 ||     8
Armor: Scale mail        |   154 |     7 ||   161
Dodge: Dodged            |    85 |     4 ||    89
Block: Kite shield       |   130 |    10 ||   140
